AoeStats
← [VA] Santi.TNT

African Clearing

505136492Analyzed
4v4 RM · 24d ago on Sep 8, 2026· 59m 46s· 8 players
Game mode
Random Map
Map size
Large (8 player)
Population
200
Speed
Normal
Resources
Standard
Victory
Conquest
Starting age
Dark Age
Ending age
Imperial Age
RankedLock teamsTeams togetherTeam positionsShared explorationLock speedFull tech treeHidden civsTurbo modeCheats
Victory
Defeat
🇪🇸 Persians · Spain
1341
+15
🇵🇪 Vietnamese · Peru
1332
+16
🇨🇴 Gurjaras · Colombia
1291
+17
🇧🇷 Tupi · Brazil
1277
+18
🇨🇴 Berbers · Colombia
1370
-18
🇨🇳 Huns · China
1353
-18
🇲🇽 Portuguese · Mexico
1304
-16
🇨🇦 Jurchens · Canada
1253
-14
Revontheus
11:18 Loom
14:09 Feudal Age
19:05 Castle Age
17:19 Double-Bit Axe
18:19 Stone Mining
21:00 Bow Saw
20:44 Gold Mining
21:09 Horse Collar
26:42 Wheelbarrow
27:03 Fletching
27:48 Bodkin Arrow
29:39 Ballistics
30:59 Heavy Plow
32:17 Squires
31:38 Champi Runner
34:00 Padded Archer Armor
36:35 Gold Shaft Mining
37:33 Leather Archer Armor
41:09 Imperial Age
38:56 Hand Cart
38:29 Town Watch
39:48 Champi Warrior
40:14 Arson
40:42 Forging
40:33 Scale Mail Armor
41:12 Elite Champi Warrior
42:15 Conscription
42:10 Bracer
42:40 Ring Archer Armor
42:36 Capped Ram
43:11 Elite Blackwood Archer
45:05 Chemistry
45:44 Curare
45:25 Pikeman
46:25 Chain Mail Armor
46:45 Iron Casting
45:53 Treadmill Crane
46:14 Siege Ram
48:52 Hoardings
49:26 Two-Man Saw
47:57 Halberdier
49:10 Plate Mail Armor
51:46 Caciques
chr0rk
4:54 Loom
12:33 Feudal Age
13:21 Double-Bit Axe
14:42 Fletching
17:48 Padded Archer Armor
25:50 Castle Age
25:54 Crossbowman
27:16 Bodkin Arrow
30:03 Ballistics
38:20 Leather Archer Armor
43:04 Thumb Ring
46:54 Imperial Age
45:28 Thumb Ring
47:37 Bracer
48:35 Elite Skirmisher
49:02 Pikeman
49:43 Squires
49:44 Scale Mail Armor
49:57 Town Watch
51:18 Ring Archer Armor
54:43 Scale Barding Armor
56:01 Chain Barding Armor
56:12 Forging
56:47 Wheelbarrow
56:24 Horse Collar
57:06 Husbandry
57:16 Bloodlines
59:39 Heavy Plow
59:50 Bow Saw
60:16 Plate Barding Armor
59:04 Elite Battle Elephant
60:22 Iron Casting
Tacris09
11:56 Loom
15:16 Feudal Age
15:48 Double-Bit Axe
15:51 Horse Collar
19:41 Scale Barding Armor
19:46 Forging
22:08 Bloodlines
27:07 Castle Age
25:23 Fletching
27:12 Light Cavalry
29:52 Husbandry
39:19 Chain Barding Armor
39:34 Iron Casting
39:47 Iron Casting
40:27 Heavy Plow
43:09 Wheelbarrow
45:10 Kshatriyas
48:28 Imperial Age
46:21 Hand Cart
49:13 Bodkin Arrow
48:59 Heavy Camel Rider
51:33 Ballistics
54:13 Plate Barding Armor
54:03 Hussar
58:26 Frontier Guards
58:33 Frontier Guards
Aspirante
11:08 Loom
13:49 Feudal Age
17:47 Castle Age
16:26 Double-Bit Axe
24:20 Squires
24:21 Man-at-Arms
24:24 Pikeman
26:30 Horse Collar
35:05 Fletching
38:16 Forging
37:59 Gold Mining
38:49 Scale Barding Armor
39:02 Heavy Plow
39:42 Wheelbarrow
40:58 Chain Barding Armor
40:50 Town Watch
41:40 Bloodlines
41:32 Husbandry
45:18 Imperial Age
46:56 Heavy Camel Rider
48:55 Iron Casting
50:52 Plate Barding Armor
LavarBall
3:12 Loom
13:48 Feudal Age
14:46 Horse Collar
18:30 Castle Age
17:10 Double-Bit Axe
19:07 Wheelbarrow
19:28 Heavy Plow
27:07 Bow Saw
27:44 Hand Cart
29:07 Scale Barding Armor
29:33 Bloodlines
30:49 Chain Barding Armor
31:38 Forging
35:19 Iron Casting
40:41 Imperial Age
37:35 Light Cavalry
38:15 Husbandry
40:31 Fletching
40:42 Padded Archer Armor
40:44 Elite Steppe Lancer
42:10 Plate Barding Armor
42:36 Blast Furnace
42:19 Siege Engineers
41:48 Elite Genitour
43:21 Bodkin Arrow
45:23 Chemistry
45:55 Ballistics
46:47 Bracer
48:56 Hussar
51:44 Gold Mining
52:35 Crop Rotation
52:27 Elite Fire Lancer
53:09 Squires
52:33 Pikeman
53:14 Squires
53:20 Scale Mail Armor
53:36 Leather Archer Armor
53:44 Halberdier
54:43 Chain Mail Armor
56:30 Elite Fire Lancer
帝国时代2--叶枫
15:59 Feudal Age
16:52 Double-Bit Axe
16:54 Horse Collar
21:09 Castle Age
19:34 Gold Mining
20:00 Fletching
23:44 Bodkin Arrow
28:35 Padded Archer Armor
29:13 Heavy Plow
30:09 Leather Archer Armor
31:12 Wheelbarrow
31:39 Bow Saw
32:25 Ballistics
32:01 Stone Mining
32:48 Loom
33:38 Thumb Ring
34:34 Town Watch
36:57 Gold Shaft Mining
38:11 Husbandry
38:38 Scale Barding Armor
38:43 Forging
38:50 Bloodlines
38:42 Marauders
39:07 Hand Cart
39:40 Town Patrol
40:36 Chain Barding Armor
41:50 Masonry
45:17 Imperial Age
44:02 Iron Casting
45:37 Murder Holes
46:27 Coinage
46:20 Conscription
46:58 Plate Barding Armor
45:46 Elite Tarkan
47:00 Bracer
47:29 Parthian Tactics
47:18 Heavy Cavalry Archer
48:59 Banking
50:01 Blast Furnace
49:43 Guilds
49:59 Atheism
50:35 Cavalier
52:22 Light Cavalry
53:02 Paladin
57:25 Hussar
[VA] Santi.TNT
10:15 Loom
12:48 Feudal Age
17:12 Forging
21:24 Castle Age
20:11 Scale Barding Armor
21:06 Bloodlines
22:14 Double-Bit Axe
30:54 Horse Collar
36:56 Wheelbarrow
36:09 Town Watch
36:26 Heavy Plow
36:42 Bow Saw
40:31 Imperial Age
41:22 Chain Barding Armor
42:00 Crop Rotation
41:33 Husbandry
41:26 Cavalier
43:51 Plate Barding Armor
44:52 Light Cavalry
54:02 Hussar
55:44 Gold Mining
55:51 Heavy Camel Rider
57:10 Iron Casting
Kanon
4:28 Loom
13:44 Feudal Age
17:58 Castle Age
Connection lost

Rejoining the realm…

Still unreachable

The connection could not be restored.

Session expired

The server has moved on; the page needs a fresh start.